 Dungeon Crawl Stone Soup version 0.22.1-6-g1668fe2c40 (webtiles) character file.

1393 H0rd4k the Cutter (level 9, -1/64 HPs)
             Began as a Human Artificer on Jan 22, 2019.
             Slain by a gnoll (3 damage)
             ... on level 6 of the Dungeon.
             The game lasted 00:13:09 (5323 turns).

H0rd4k the Cutter (Human Artificer)                 Turns: 5323, Time: 00:13:10

Health: -1/64      AC:  3    Str: 14      XL:     9   Next: 0%
Magic:  12/12      EV: 12    Int: 13      God:
Gold:   339        SH:  0    Dex:  7 (14) Spells: 8/8 levels left

rFire    . . .     SeeInvis .   k - +0 short sword (drain)
rCold    . . .     Gourm    .   (no shield)
rNeg     . . .     Faith    .   b - +0 leather armour
rPois    .         Spirit   .   (no helmet)
rElec    .         Reflect  .   (no cloak)
rCorr    .         Harm     .   (no gloves)
MR       .....                  (no boots)
Stlth    +.........             (no amulet)
HPRegen  0.20/turn              (no ring)
MPRegen  0.13/turn              (no ring)

@: drained
A: no striking features
a: no special abilities


You were on level 6 of the Dungeon.
You were hungry.

You visited 1 branch of the dungeon, and saw 6 of its levels.
You also visited: Sewer.

You collected 339 gold pieces.

Inventory:

Hand Weapons
 a - a +0 short sword
 e - a +0 short sword of venom
 h - a +0 hunting sling
 j - a +0 hunting sling
 k - a +0 short sword of draining (weapon)
 A - a cursed -2 dagger
Missiles
 i - 44 arrows
 q - 4 tomahawks (quivered)
 s - 31 bolts
 G - 14 poisoned needles
 I - 67 sling bullets
Armour
 b - a +0 leather armour (worn)
 l - a +0 pair of gloves
 r - a +1 cloak
 y - a +0 pair of boots
 B - a +1 cloak
 F - a +0 pair of boots
Wands
 c - a wand of flame (4)
 d - a wand of enslavement (12)
Scrolls
 g - 2 scrolls of fear
 n - 3 scrolls of remove curse {unknown}
 o - a scroll of blinking {unknown}
 t - 3 scrolls of enchant weapon {unknown}
 u - a scroll of magic mapping {unknown}
 E - 3 scrolls of identify {unknown}
Potions
 p - a potion of lignification {unknown}
 v - 3 potions of degeneration {unknown}
 w - a potion of berserk rage {unknown}
 x - a potion of invisibility {unknown}
 z - 3 potions of cancellation {unknown}
 C - a potion of flight {unknown}
 D - 2 potions of heal wounds {unknown}
 H - 2 potions of curing {unknown}
 J - a potion of haste {unknown}
 K - a potion of brilliance {unknown}
 L - a potion of might {unknown}
Comestibles
 f - 6 rations


   Skills:
 + Level 3.3(3.0) Fighting
 + Level 5.5(5.2) Short Blades
 * Level 4.1(3.8) Throwing
 + Level 3.6(3.3) Armour
 + Level 4.2(3.9) Dodging
 + Level 2.5(2.2) Stealth
 + Level 4.3(4.0) Evocations


You had 8 spell levels left.
You didn't know any spells.
Your spell library contained the following spells:

 Spells                   Type           Power        Failure   Level  Hunger
 Animate Skeleton         Necr           N/A          36%         1    ##.....
 Apportation              Tloc           #.....       36%         1    ##.....
 Confusing Touch          Hex            #.....       36%         1    ##.....
 Summon Small Mammal      Summ           #...         36%         1    ##.....


Dungeon Overview and Level Annotations

Branches:
Dungeon (6/15)             Temple (0/1) D:5

Altars:
Elyvilon

Shops:
D:6 *

Annotations:
D:3 exclusion: downstairs
D:4 2 transporters, exclusion: downstairs, Zarkath's ghost, amateur DsGl
D:5 imp, exclusion: 2 downstairs
D:6 Dowan; Duvessa; Sigmund


Message History

* * * LOW HITPOINT WARNING * * *
An orc wizard comes into view. It is wielding a dagger.
The bullfrog barely misses you.
Your surroundings suddenly seem different.
A gnoll comes into view.
The gnoll shouts!
A gnoll comes into view. It is wielding a club.
The gnoll shouts!
A gnoll comes into view.
The gnoll shouts!
The wight hits you from afar with a trident!
* * * LOW HITPOINT WARNING * * *
You feel drained.
* * * LOW HITPOINT WARNING * * *
The gnoll hits you.
* * * LOW HITPOINT WARNING * * *
A gnoll comes into view. It is wielding a flail.
The gnoll closely misses you. The gnoll hits you.
You die...

## #...# $# ##..## # .#
#####..## .. .# ........ #.#
.# #...... #.# .# #......
#######.####.#########)$....
#.......z..#.##....5........
#.....g..g.@....############
.........zg#.####
#......g...#.#
#..........#.#####
#..........#......
#...............#
##########[.....#####
#..........# #<...<#


You could see 2 wights and 4 gnolls.

Vanquished Creatures
  A sky beast (D:5)
  2 ogres
  8 big kobolds (Sewer)
  A bullfrog (D:3)
  2 scorpions
  A wight (D:6)
  A jelly (D:5)
  An iguana (D:5)
  A centaur skeleton (D:4)
  2 worker ants (D:4)
  9 adders
  2 river rats (Sewer)
  A shadow imp (D:5)
  5 oozes
  3 adder skeletons
  7 worms
  A dart slug (D:1)
  4 leopard geckos
  7 orcs
  7 bats
  4 giant cockroaches
  2 hobgoblins
  3 jackals (D:3)
  12 kobolds
  3 quokkas
  3 ball pythons (Sewer)
  2 frilled lizards
  10 goblins
  A leopard gecko zombie (D:5)
  A quokka skeleton (D:4)
  9 rats
116 creatures vanquished.

Notes
Turn   | Place    | Note
-------+----------+-------------------------------------------
     0 | D:1      | H0rd4k the Human Artificer began the quest for the Orb.
     0 | D:1      | Reached XP level 1. HP: 15/15 MP: 3/3
    40 | D:1      | Reached XP level 2. HP: 16/21 MP: 4/4
   220 | D:1      | Reached XP level 3. HP: 26/26 MP: 5/5
  1125 | D:2      | Found a white marble altar of Elyvilon.
  1205 | D:3      | Reached XP level 4. HP: 27/32 MP: 6/6
  1820 | D:3      | Reached skill level 1 in Armour
  1853 | D:3      | Noticed a bullfrog
  1861 | D:3      | Killed a bullfrog
  1861 | D:3      | Reached skill level 2 in Short Blades
  1861 | D:3      | Reached skill level 1 in Throwing
  1861 | D:3      | Reached XP level 5. HP: 16/37 MP: 7/7
  2247 | D:4      | Noticed Zarkath's ghost (amateur DsGl)
  2248 | D:4      | Found a transporter.
  2249 | D:4      | Found a transporter.
  2278 | D:4      | Noticed an ogre
  2283 | D:4      | Killed an ogre
  2283 | D:4      | Reached XP level 6. HP: 34/44 MP: 8/8
  2455 | D:4      | Reached skill level 3 in Short Blades
  2776 | D:4      | Reached XP level 7. HP: 50/50 MP: 9/9
  2838 | D:5      | Entered Level 5 of the Dungeon
  2864 | D:5      | Found a staircase to the Ecumenical Temple.
  3357 | D:5      | Found a glowing drain.
  3409 | Sewer    | Entered a sewer
  3592 | Sewer    | Reached skill level 4 in Short Blades
  3707 | Sewer    | Reached XP level 8. HP: 51/57 MP: 11/11
  4042 | Sewer    | Reached skill level 5 in Short Blades
  4794 | D:5      | Reached XP level 9. HP: 61/64 MP: 12/12
  4839 | D:6      | Noticed Dowan
  4840 | D:6      | Noticed Duvessa
  5271 | D:6      | Noticed Sigmund
  5303 | D:6      | Found Hefatz's Elemental Accessories.
  5319 | D:6      | HP: 1/64 [gnoll (5)]
  5323 | D:6      | Slain by a gnoll

Skill      XL: |  1  2  3  4  5  6  7  8 |
---------------+-------------------------+-----
Armour         | 1 2 3 |  3.6
Short Blades   | 2 3 4 5 |  5.5
Throwing       | 1 2 3 4 |  4.1
Dodging        | 3 4 |  4.2
Fighting       | 2 3 |  3.3
Stealth        | 2 |  2.5
Evocations     | 4 |  4.3

Action                   |  1- 3 |  4- 6 |  7- 9 || total
-------------------------+-------+-------+-------++-------
Melee: Short sword       |   103 |   155 |   341 ||   599
Evoke: Wand              |       |     3 |    26 ||    29
  Use: Scroll            |       |       |     4 ||     4
 Stab: Sleeping          |     2 |     3 |     2 ||     7
  Eat: Chunk             |       |     6 |     5 ||    11
       Ration            |       |       |     1 ||     1
Armor: Leather armour    |    17 |    30 |    60 ||   107
Dodge: Dodged            |    77 |    88 |   206 ||   371
